 Dungeon Crawl Stone Soup version 0.29-a0-334-gb41bcbb86e (webtiles) character file.

Game seed: 10473536206745566904

645 spaghetti the Changer (level 7, -1/61 HPs)
             Began as a Deep Dwarf Transmuter on Apr 15, 2022.
             Slain by a gnoll
             ... wielding a +0 spear
              (3 damage)
             ... on level 4 of the Dungeon.
             The game lasted 00:11:19 (4310 turns).

spaghetti the Changer (Deep Dwarf Transmuter)       Turns: 4310, Time: 00:11:19

Health: -1/61      AC:  2    Str: 15    XL:     7   Next: 27%
Magic:  6/10       EV: 19    Int: 14    God:
Gold:   155        SH:  0    Dex: 18    Spells: 4/10 levels left

rFire   . . .      SeeInvis .     - Unarmed
rCold   + . .      Faith    +   (shield currently unavailable)
rNeg    . . .      Spirit   .   (body armour currently unavailable)
rPois   x          Reflect  .   (helmet currently unavailable)
rElec   .          Harm     .   (cloak currently unavailable)
rCorr   .          Rampage  .   (gloves currently unavailable)
Will    +....                   (boots currently unavailable)
Stlth   ++........              w - amulet of faith {!P}
HPRegen 0.00/turn               s - ring of protection from cold
MPRegen 0.12/turn               (no ring)

@: spider-form, wereblooded
A: venomous fangs, damage resistance, heal wounds, tiny, sense surroundings 1,
no regeneration
a: Heal Wounds, End Transformation


You were on level 4 of the Dungeon.
You were a venomous arachnid creature.
You visited 1 branch of the dungeon, and saw 4 of its levels.

You collected 155 gold pieces.


Innate Abilities, Weirdness & Mutations

You are a venomous arachnid creature.
You have poisonous fangs.
You are tiny and dextrous.
Your spellcasting is less reliable in this form.
Your armour is entirely melded.
You are incapable of wielding weapons or throwing items.
You are resistant to damage.
You can heal yourself by infusing magical energy.
You passively map a small area around you.
You do not regenerate.


   Skills:
 + Level 2.6 Fighting
 + Level 3.9 Armour
 - Level 2.1 Dodging
 - Level 2.6 Unarmed Combat
 - Level 2.0 Spellcasting
 - Level 4.7 Transmutations
 - Level 2.8 Poison Magic


You had 4 spell levels left.
You knew the following spells:

 Your Spells              Type           Power      Damage    Failure   Level
a - Beastly Appendage     Tmut           28%        N/A       12%         1
b - Wereblood             Tmut           14%        N/A       16%         2
c - Spider Form           Tmut/Pois      12%        N/A       34%         3

Your spell library contained the following spells:

 Spells                   Type           Power      Damage    Failure   Level
 Ice Form                 Ice/Tmut       8%         N/A       83%         4

Inventory:

Hand Weapons
 d - a +0 dagger {short}
   (You took it off a goblin on level 1 of the Dungeon)
 e - a +0 dagger {short}
   (You took it off a goblin on level 1 of the Dungeon)
 f - a +0 dagger {short}
   (You took it off a kobold on level 1 of the Dungeon)
 i - a +0 hand axe of flaming {axe}
   (You found it on level 1 of the Dungeon)
 r - a +1 spear of venom (melded) {polearm}
   (You found it on level 2 of the Dungeon)
Missiles
 u - 63 stones {throwing}
 y - 7 poisoned darts {throwing}
Armour
 a - a +0 robe
 c - a +1 helmet (melded)
   (You found it on level 1 of the Dungeon)
 k - the +1 crystal plate armour of the Farmer {rPois rC++, rare=g}
   (You acquired it on level 4 of the Dungeon)

   rC:        It greatly protects you from cold.
   rPois:     It protects you from poison.
 z - the +4 ring mail of Barab (melded) {rCorr}
   (You found it on level 4 of the Dungeon)

   rCorr:     It protects you from acid and corrosion.
Jewellery
 s - a ring of protection from cold (left front leg)
   (You found it on level 2 of the Dungeon)
 w - an amulet of faith (around neck) {!P}
   (You found it on level 3 of the Dungeon)
Wands
 b - a wand of polymorph (8)
   (You took it off Sigmund on level 2 of the Dungeon)
 B - a wand of digging (5)
   (You found it on level 3 of the Dungeon)
 D - a wand of iceblast (11)
   (You found it on level 4 of the Dungeon)
Scrolls
 j - a scroll of acquirement
 l - 2 scrolls of enchant armour
 m - a scroll of noise {!r}
 n - a scroll of immolation {!r!r}
 o - 3 scrolls of vulnerability {unknown}
 v - 2 scrolls of teleportation {unknown}
 x - a scroll of magic mapping {unknown}
 A - a scroll of holy word {unknown}
 C - a scroll of identify {@r1}
Potions
 g - 4 potions of curing {@q1}
 h - a potion of magic
 p - 3 potions of degeneration {!q@e2}
 q - 2 potions of might
 t - 2 potions of flight

Dungeon Overview and Level Annotations

Branches:
Dungeon (4/15)
 Temple: D:4-7

Altars:
Cheibriados
Qazlal
Trog
Uskayaw
Vehumet
Wu Jian

Shops:
D:1 [   D:2 (

Annotations:
D:2 1 runed translucent door, Crazy Yiuf

* * * , , * * * * , ,,
, , , * * ** * , *
######
*##########...)######.
,
.............s'gJ....
,
..#######....g######.
* , * #.########## , *
, #.###......#.
,+...†........ , #..
#.###......#. ,## ##
#....#.# #......# ,. .
#. #....#.# #......#
#.#.#. ....#.#
#......# ..#.


You could see a gnoll shaman (extremely poisoned), a jelly and a gnoll (fast).


Message History

You kill the quokka!
There is an open door here.
An orc comes into view. It is wielding a +0 whip.
The orc shouts!
The orc moves out of view.
There is an open door here.
An orc is nearby!
An orc is nearby!
Unknown command.
Reach: r) +1 spear (venom) {polearm}
Press: ? - help, Dir - move target, f - orc
Aim: an orc, wielding a +0 whip and wearing a +0 leather armour (about 38% to evade your +1 spear of venom)
You reach to attack!
You closely miss the orc. You hit the orc but do no damage.
The orc is poisoned.
The orc hits you but does no damage.
You hit the orc.
The orc looks as sick as possible!
You kill the orc!
Things that are here:
a +0 whip {mace}; a +0 leather armour; an orc corpse Unknown command.
l - 2 scrolls of enchant armour (gained 1)
A hound comes into view.
The hound barks!
The hound bites you but does no damage.
A hound is nearby!
A hound is nearby!
A hound is nearby!
Reach: r) +1 spear (venom) {polearm}
Press: ? - help, Dir - move target, f - hound
Aim: a hound (about 49% to evade your +1 spear of venom)
You hit the hound.
The hound is poisoned.
The hound bites you but does no damage.
You hit the hound but do no damage.
The hound looks even sicker.
The hound bites you but does no damage. x2
You hit the hound.
The hound looks as sick as possible!
You kill the hound!
z - the +4 ring mail of Barab {rCorr} You start removing your armour.
You continue taking off the +1 crystal plate armour of the Farmer {rPois rC++, rare=g}. x4
You finish taking off the +1 crystal plate armour of the Farmer {rPois rC++, rare=g}.
You start putting on your armour.
You continue putting on the +4 ring mail of Barab {rCorr}. x5
You finish putting on the +4 ring mail of Barab {rCorr}.
You see here a hound corpse.
C - a scroll of identify {@r1}
Okay, then.
D - a wand of iceblast (11) As you open the door, it creaks loudly!
A gnoll shaman and a gnoll come into view.
The gnoll shaman shouts!
The gnoll shouts!
You close the door.
You start waiting.
A gnoll shaman and a gnoll come into view.
Casting: Wereblood (safe; 10% risk of failure)
Confirm with . or Enter, or press ? or * to list all spells.
Your blood is infused with primal strength.
The gnoll shouts!
You hear a shout!
The teleport trap disappears.
The gnoll disappears! 😱 MP[-2]
You lost 2 mp, and now have 8/10 mp.
Casting: Wereblood (safe; 10% risk of failure)
Confirm with . or Enter, or press ? or * to list all spells.
You turn into a venomous arachnid creature.
Your +1 spear of venom {polearm} melds into your body.
Your +1 helmet melds into your body.
The +4 ring mail of Barab {rCorr} melds into your body.
Your +1 spear of venom {polearm} stops dripping with poison. 😱 MP[-3]
You lost 3 mp, and now have 5/10 mp.
You barely miss the gnoll shaman. The gnoll misses you.
A jelly comes into view.
You bite the gnoll! The gnoll hits you but does no damage.
The gnoll shaman calls upon its god to speed up the gnoll.
The gnoll seems to speed up. 😱 MP[+1]
You bite the gnoll!
You feel a bit better.
You kill the gnoll!
The gnoll shaman misses you.
The gnoll hits you from afar with a +0 spear!
* * * LOW HITPOINT WARNING * * *
😱 HP[-7]
You take 7 damage, and now have 6/61 hp.
You hit the gnoll shaman but do no damage.
The gnoll shaman closely misses you. The gnoll completely misses you.
You hit the gnoll shaman.
The gnoll shaman is poisoned.
The gnoll hits you from afar with a +0 spear.
The gnoll shaman completely misses you. The gnoll completely misses you.
You hit the gnoll shaman but do no damage.
The gnoll shaman looks as sick as possible!
The gnoll shaman mumbles some strange prayers to its god against you.
You resist with almost no effort.
The gnoll hits you from afar with a +0 spear.
Okay, then.
You hit the gnoll shaman.
The gnoll shaman looks as sick as possible!
The gnoll hits you from afar with a +0 spear.
The gnoll shaman hits you with a +0 whip.
* * * LOW HITPOINT WARNING * * *
The gnoll hits you from afar with a +0 spear.
You die...

Skill      XL: |  1  2  3  4  5 |
---------------+----------------+-----
Spellcasting   | 2 |  2.0
Transmutations | 2 4 |  4.7
Armour         | 2 3 |  3.9
Poison Magic   | 1 2 |  2.8
Fighting       | 2 |  2.6
Dodging        | |  2.1
Unarmed Combat | |  2.6

Action                   |  1- 3 |  4- 6 |  7- 9 || total
-------------------------+-------+-------+-------++-------
Melee: Unarmed           |    24 |    24 |    23 ||    71
       Kick              |     4 |    12 |       ||    16
       Headbutt          |     7 |     7 |       ||    14
       Hand axe          |    22 |     6 |       ||    28
       Spear             |       |    95 |    11 ||   106
       Punch             |       |     1 |       ||     1
 Cast: Beastly Appendage |    16 |    28 |       ||    44
       Wereblood         |    11 |    27 |     3 ||    41
       Spider Form       |       |     3 |     3 ||     6
  Use: Potion            |     4 |       |     4 ||     8
       Scroll            |       |       |     5 ||     5
 Stab: Sleeping          |     2 |     2 |       ||     4
Armor: Robe              |     6 |    21 |       ||    27
       Skin              |     2 |     1 |     4 ||     7
       Crystal plate arm |       |       |     5 ||     5
Dodge: Dodged            |    32 |    65 |     9 ||   106

Levels and vault maps discovered:
D:1:      sevenhm_arrival_forest_fort_small_1, layout_basic, serial_shops, shop
D:2:      layout_loops_corners, serial_shops, shop, uniq_sigmund,
          uniq_crazy_yiuf_cottage
D:3:      layout_basic, minitemple, mainiacjoe_overflow_chevrons,
          kennysheep_generic_room_10, uniq_grinder
D:4:      layout_basic, minmay_misc_feat_plants, nicolae_grassy_gnolls

Notes
Turn   | Place    | Note
-------+----------+-------------------------------------------
     0 | D:1      | spaghetti the Deep Dwarf Transmuter began the quest for the
                  | Orb.
     0 | D:1      | Reached XP level 1. HP: 16/16 MP: 3/3
     0 | D:1      | magus.rc [v1.9.6]
   109 | D:1      | Reached skill level 2 in Spellcasting
   109 | D:1      | Reached skill level 2 in Transmutations
   136 | D:1      | Reached XP level 2. HP: 16/24 MP: 3/5
   241 | D:1      | Learned a level 2 spell: Wereblood
   891 | D:1      | Found Kefy's Antique Armour Boutique.
  1289 | D:2      | Noticed Sigmund
  1297 | D:2      | Killed Sigmund
  1298 | D:2      | Reached skill level 2 in Armour
  1298 | D:2      | Reached skill level 4 in Transmutations
  1298 | D:2      | Reached skill level 1 in Poison Magic
  1298 | D:2      | Reached XP level 3. HP: 30/30 MP: 3/6
  1298 | D:2      | Reached XP level 4. HP: 37/37 MP: 3/7
  1298 | D:2      | Reached XP level 5. HP: 43/43 MP: 3/8
  1407 | D:2      | Found a runed translucent door.
  1408 | D:2      | Noticed Crazy Yiuf
  1446 | D:2      | Learned a level 3 spell: Spider Form
  1989 | D:2      | Reached skill level 1 in Fighting
  2053 | D:2      | Found Heostrao's Weapon Shop.
  2653 | D:3      | Found a snail-covered altar of Cheibriados.
  2760 | D:3      | Reached skill level 2 in Poison Magic
  3037 | D:3      | Found a bloodstained altar of Trog.
  3041 | D:3      | Found a hide-covered altar of Uskayaw.
  3048 | D:3      | Found an ornate altar of the Wu Jian Council.
  3049 | D:3      | Found a stormy altar of Qazlal.
  3057 | D:3      | Found a radiant altar of Vehumet.
  3142 | D:3      | Noticed Grinder
  3160 | D:3      | Killed Grinder
  3161 | D:3      | Reached skill level 2 in Fighting
  3161 | D:3      | Reached skill level 3 in Armour
  3161 | D:3      | Reached XP level 6. HP: 19/52 MP: 4/9
  3917 | D:4      | Reached XP level 7. HP: 24/60 MP: 3/10
  4154 | D:4      | HP: 12/61 [orc priest/divine providence (11)]
  4164 | D:4      | Identified 2 scrolls of acquirement
  4168 | D:4      | Acquired the +1 crystal plate armour of the Farmer {rPois
                  | rC++}
  4169 | D:4      | k - the +1 crystal plate armour of the Farmer {rPois rC++,
                  | rare=g}
  4180 | D:4      | You finish putting on the +1 crystal plate armour of the
                  | Farmer {rPois rC++, rare=g}.
  4265 | D:4      | Identified the +4 ring mail of Barab {rCorr}
  4272 | D:4      | You finish taking off the +1 crystal plate armour of the
                  | Farmer {rPois rC++, rare=g}.
  4306 | D:4      | HP: 6/61 [gnoll/+0 spear (9)]
  4310 | D:4      | HP: 2/61 [gnoll shaman/+0 whip (4)]
  4310 | D:4      | Slain by a gnoll

Vanquished Creatures
  Grinder (D:3)
  Sigmund (D:2)
  A hound (D:4)
  A gnoll shaman (D:4)
  2 orc priests (D:4)
  An orc wizard (D:4)
  4 gnolls (D:4)
  3 adders
  A worm (D:2)
  4 dart slugs
  2 orcs
  9 ball pythons
  5 bats
  6 endoplasms
  2 giant cockroaches
  9 goblins
  5 hobgoblins
  2 jackals (D:1)
  2 quokkas
  2 frilled lizards
  4 kobolds
  8 rats
75 creatures vanquished.

Vanquished Creatures (others)
  8 plants (D:4)
8 creatures vanquished.

Grand Total: 83 creatures vanquished

Table legend:
 A = Non-vault XP
 B = Vault XP
 C = Vault XP percentage of total XP
 D = Non-vault monster count
 E = Vault monster count
 F = Vault count percentage of total count
                 A         B        C        D         E       F
            +---------+---------+-------+---------+---------+-------
      Total |     329 |     593 |  64.3 |      67 |       8 |  10.7
            +---------+---------+-------+---------+---------+-------
        D:1 |      32 |       0 |   0.0 |      18 |       0 |   0.0
        D:2 |      52 |     223 |  81.1 |      20 |       1 |   4.8
        D:3 |      55 |     285 |  83.8 |      17 |       3 |  15.0
        D:4 |     190 |      85 |  30.9 |      12 |       4 |  25.0
            +---------+---------+-------+---------+---------+-------

Illustrated notes

Table legend:
 A = Kills in this place as a percentage of kills in entire the game.
 B = Kills by you in this place as a percentage of kills by you in the entire game.
 C = Kills by friends in this place as a percentage of kills by friends in the entire game.
 D = Other kills in this place as a percentage of other kills in the entire game.
 E = Experience gained in this place as a percentage of experience gained in the entire game.
 F = Experience gained in this place divided by the number of levels of this place that you have seen.
                   A       B       C       D       E      F
               +-------+-------+-------+-------+-------+----------------------
         Total | 100.0 | 100.0 |   N/A |   N/A | 100.0 | 230.5
       Dungeon | 100.0 | 100.0 |   N/A |   N/A | 100.0 | 230.5
               +-------+-------+-------+-------+-------+----------------------

Table legend: (Time is in decaauts)
 A = Elapsed time spent in this place.
 B = Non-inter-level travel time spent in this place.
 C = Inter-level travel time spent in this place.
 D = Time resting spent in this place.
 E = Time spent auto-exploring this place.
 F = Levels seen in this place.
 G = Mean time per level.
                   A        B        C        D        E       F      G
               +--------+--------+--------+--------+--------+-----+--------+
         Total |   4327 |   4219 |    108 |    233 |   3295 |   4 | 1081.8 |
       Dungeon |   4327 |   4219 |    108 |    233 |   3295 |   4 | 1081.8 |
               +--------+--------+--------+--------+--------+-----+--------+

Top non-repeatable levels by time:
     D:2: 1424 daAuts
     D:1: 1195 daAuts
     D:3: 1069 daAuts
     D:4: 638 daAuts
